 Dungeon Crawl Stone Soup version 0.20.0-4-g10b340a (webtiles) character file.

73 straycat the Caller (level 4, 0/32 HPs)
             Began as a Vampire Wanderer on May 27, 2017.
             Slain by Terence
             ... wielding a +4 vampiric short sword
              (10 damage)
             ... on level 2 of the Dungeon.
             The game lasted 00:12:45 (2293 turns).

straycat the Caller (Vampire Wanderer)              Turns: 2293, Time: 00:12:46

Health: 0/32       AC:  3    Str: 11    XL:     4   Next: 8%
Magic:  5/7        EV: 12    Int: 12    God:
Gold:   63         SH:  0    Dex: 16    Spells: 6/7 levels left

rFire    . . .     SeeInvis +   s - +2 dagger (speed)
rCold    + . .     Gourm    .   (no shield)
rNeg     + + .     Faith    .   i - +0 leather armour
rPois    +         Spirit   .   (no helmet)
rElec    .         Reflect  .   (no cloak)
rCorr    .         Harm     .   (no gloves)
MR       .....                  (no boots)
Stlth    +++.......             (no amulet)
Regen    0.1/turn               (no ring)
MPRegen  0.1/turn               (no ring)

@: regenerating slowly
A: fangs 3, see invisible, unbreathing
a: Bat Form


You were on level 2 of the Dungeon.
You were thirsty.

You visited 1 branch of the dungeon, and saw 2 of its levels.

You collected 63 gold pieces.

Inventory:

Hand Weapons
 d - a +0 dagger
 g - a +0 hunting sling
 s - a +2 dagger of speed (weapon)
 u - a +0 whip of venom
 w - a +0 short sword
Missiles
 f - 57 stones (quivered)
 h - 28 poisoned needles
 n - 23 arrows
 t - 42 bolts
Armour
 c - a +0 robe
 i - a +0 leather armour (worn)
 v - a +0 shield
 x - a +0 ring mail
Jewellery
 r - an uncursed amulet of the gourmand
Scrolls
 j - a scroll of amnesia {unknown}
 m - a scroll of remove curse {unknown}
 o - a scroll of enchant weapon {unknown}
 p - a scroll of random uselessness {unknown}
Potions
 e - 10 potions of blood
 k - a potion of brilliance {unknown}
 l - 3 potions of heal wounds {unknown}
 q - a potion of curing {unknown}
Books
 a - a book of Minor Magic

   Spells                             Type                      Level
   a - Magic Dart                     Conjuration                  1
   b - Blink                          Translocation                2
   c - Call Imp                       Summoning                    2
   d - Slow                           Hexes                        2
   e - Conjure Flame                  Conjuration/Fire             3
   f - Mephitic Cloud                 Conjuration/Poison/Air       3
 b - the Almanac of Translocation

   Spells                             Type                      Level
   a - Apportation                    Translocation                1
   b - Recall                         Summoning/Translocation      3


   Skills:
 * Level 1.5 Fighting
 * Level 1.9 Short Blades
 - Level 1.0 Throwing
 * Level 1.5 Dodging
 + Level 2.4 Stealth
 + Level 2.3 Spellcasting
   Level 1.1 Charms
   Level 3.0 Summonings
   Level 1.5 Translocations


You had 6 spell levels left.
You knew the following spells:

 Your Spells              Type           Power        Failure   Level  Hunger
a - Magic Dart            Conj           #...         34%         1    ##.....


Dungeon Overview and Level Annotations

Branches:
Dungeon (2/15)

Altars:
Fedhas
Sif Muna

Annotations:
D:2 Terence


Innate Abilities, Weirdness & Mutations

You heal slowly.
You have razor-sharp teeth.
You have supernaturally acute eyesight. (SInv)
You can survive without breathing.


Message History

You closely miss Terence. You bite Terence.
You draw Terence's blood!
You feel better.
You feel slightly less thirsty.
Terence is lightly wounded.
Terence hits you with a vampiric short sword!
You closely miss Terence.
Terence is lightly wounded.
Terence misses you.
You hit Terence but do no damage.
Terence is lightly wounded.
Terence barely misses you.
You barely miss Terence. You bite Terence, but do no damage.
Terence is lightly wounded.
Terence hits you with a vampiric short sword.
You hit Terence. Your bite misses Terence.
Terence is lightly wounded.
Terence hits you with a vampiric short sword.
You hit Terence but do no damage.
Terence is lightly wounded.
Terence hits you with a vampiric short sword!
You die...

##.#.# #.# #.#.# #.#####. ##.#.#
#.###### #.#.# #.# #. ##.#.#
#.##. ...#.#.# #.# ##.
##.#.####.##. #.#...### #.####..
##...<.##.##. #.......###.#.....
##.###.##.##. ###.##)#.##.#.##..
...# #....##. #...###.....##..
##.###.#####.#####.##.#.##.#.....
#.....# #...@@...##.###.......
##.#.### #######..##.# ###.##.#
#....#############..##.# #.##.#
..................).##.# #.##.#
.....############...##.# #.#...
.....# #.......#####...#.
.#.#############.............#...
.#...........[......##.#####.....
.###############.##.##...........


You could see Terence (berserk).

Vanquished Creatures
  Jessica (D:2)
  2 dart slugs
  A ball python (D:1)
  A bat (D:1)
  2 giant cockroaches (D:1)
  5 goblins
  6 hobgoblins
  4 jackals (D:2)
  2 quokkas (D:2)
  4 frilled lizards
  7 kobolds
  4 rats
39 creatures vanquished.

Notes
Turn   | Place    | Note
-------+----------+-------------------------------------------
     0 | D:1      | straycat the Vampire Wanderer began the quest for the Orb.
     0 | D:1      | straycat set off with: a book of Minor Magic, the Almanac of Translocation, a +0 robe, a +0 dagger, a potion of blood
     0 | D:1      | Reached XP level 1. HP: 13/13 MP: 3/3
     0 | D:1      | Identified the Almanac of Translocation
     2 | D:1      | Learned a level 1 spell: Magic Dart
   359 | D:1      | Reached XP level 2. HP: 19/19 MP: 0/5
   520 | D:1      | Reached skill level 1 in Short Blades
   998 | D:2      | Reached skill level 1 in Dodging
  1157 | D:2      | Found a blossoming altar of Fedhas.
  1163 | D:2      | Noticed Jessica
  1183 | D:2      | Reached XP level 3. HP: 12/25 MP: 0/6
  1483 | D:2      | Killed Jessica
  1483 | D:2      | Reached skill level 1 in Fighting
  1981 | D:2      | Found a deep blue altar of Sif Muna.
  2028 | D:2      | Reached XP level 4. HP: 28/32 MP: 1/7
  2281 | D:2      | Noticed Terence
  2293 | D:2      | Slain by Terence

Skill      XL: |  1  2  3 |
---------------+----------+-----
Stealth        | 2 |  2.4
Short Blades   | 1 |  1.9
Dodging        | 1 |  1.5
Fighting       | 1 |  1.5
Throwing       | |  1.0
Spellcasting   | |  2.3
Charms         | |  1.1
Summonings     | |  3.0
Translocations | |  1.5

Action                   |  1- 3 |  4- 6 || total
-------------------------+-------+-------++-------
Melee: Dagger            |   110 |    20 ||   130
       Bite              |     5 |     2 ||     7
Throw: Stone             |     4 |       ||     4
 Cast: Magic Dart        |    28 |     3 ||    31
  Use: Potion            |     4 |       ||     4
       Scroll            |     2 |       ||     2
 Stab: Sleeping          |     1 |       ||     1
Armor: Robe              |     4 |       ||     4
       Leather armour    |    13 |     3 ||    16
Dodge: Dodged            |    64 |    11 ||    75
